 Dungeon Crawl Stone Soup version 0.15.0-27-gbdb0435 (webtiles) character file.

223218 Gravenous the Slayer (level 19, -10/139 HPs)
             Began as a Gargoyle Warper on Sept 7, 2014.
             Was the Champion of Fedhas.
             Killed from afar by a deep elf annihilator (13 damage)
             ... with a poison arrow
             ... on Level 3 of the Elven Halls on Sept 10, 2014.
             The game lasted 02:40:09 (43285 turns).

Gravenous the Slayer (Gargoyle Warper)             Turns: 43285, Time: 02:40:09

HP -10/139       AC 40     Str 23      XL: 19   Next: 26%
MP  22/24        EV  7     Int 23      God: Fedhas [******]
Gold 2607        SH  0     Dex  9      Spells:  5 memorised, 13 levels left

rFire  . . .     SeeInvis .     Y - +8 great mace (flame)
rCold  . . .     Clarity  .     M - +1 plate armour {MR+}
rNeg   + . .     rCorr    .     (no shield)
rPois  +         rRot     +     V - +1 helmet {Int+3}
rElec  +         Spirit   .     c - +0 cloak {rPois}
SustAb .         Warding  .     X - +2 pair of gloves
rMut   .         Stasis   .     Z - +0 pair of boots
Gourm  +                        h - amulet "Uhesm" {Gourm Str+3 Int+3}
MR     +++..                    Q - ring of protection from magic
                                o - ring of regeneration

@: infused, flying, extremely resistant to hostile enchantments, extremely
unstealthy
A: able to fly continuously, big wings, negative energy resistance 1,
electricity resistance, unbreathing, petrification resistance, rot immunity, AC
+13
a: Stop Flying, Evolution, Sunlight, Growth, Reproduction, Rain, Renounce
Religion
}: 1/15 runes: serpentine


You were on level 3 of the Elven Halls.
You worshipped Fedhas.
Fedhas was exalted by your worship.
You were not hungry.

You visited 7 branches of the dungeon, and saw 37 of its levels.
You also visited: Labyrinth, Ossuary and Bailey.

You collected 3621 gold pieces.
You spent 1014 gold pieces at shops.

Inventory:

Hand weapons
 H - a +0 blowgun
 Y - a +8 great mace of flaming (weapon)
Missiles
 G - 10 curare-tipped needles
Armour
 c - a +0 cloak of poison resistance (worn)
 e - a +0 shield of reflection
 M - a +1 plate armour of magic resistance (worn)
 S - a +3 fire dragon armour
 V - a +1 helmet of intelligence (worn)
 X - a +2 pair of gloves (worn)
 Z - a +0 pair of boots (worn)
Magical devices
 w - a wand of hasting (6)
 E - a wand of disintegration (9)
 I - a wand of digging (3)
 J - a wand of teleportation (7)
 L - a wand of cold (6)
 P - a wand of fire (9)
 R - a wand of digging (20)
Comestibles
 f - 17 bread rations
 k - 18 meat rations
 q - 3 royal jellies
 r - 30 fruits
 K - 13 beef jerkies
 T - 2 slices of pizza
Scrolls
 d - 2 scrolls of blinking
 i - 9 scrolls of recharging
 l - 13 scrolls of remove curse
 n - 2 scrolls of teleportation
 s - 5 scrolls of identify
 t - a scroll of fog
 v - 2 scrolls of magic mapping
 z - 2 scrolls of fear
Jewellery
 b - an uncursed amulet of stasis
 h - the amulet "Uhesm" (around neck) {Gourm Str+3 Int+3}
   (You found it in a labyrinth)

   [amulet of the gourmand]

   It allows you to eat raw meat even when not hungry.
   It affects your strength (+3).
   It affects your intelligence (+3).
 o - a ring of regeneration (left hand)
 u - an uncursed ring of sustain abilities
 x - an uncursed ring of see invisible
 y - an uncursed ring of protection from fire
 B - an uncursed ring of teleportation
 D - an uncursed ring of protection from magic
 Q - a ring of protection from magic (right hand)
Potions
 a - 3 potions of agility
 g - 2 potions of cure mutation
 p - 7 potions of curing
 A - 2 potions of restore abilities
 C - 3 potions of cancellation
 F - a potion of beneficial mutation
 N - 2 potions of might
 O - 2 potions of heal wounds
Miscellaneous
 m - a lamp of fire
 W - a disc of storms
Rods
 U - a -1 lightning rod (12/12)
   (You found it on level 4 of the Lair of Beasts)


   Skills:
 - Level 22.0 Fighting
 - Level 20.0 Maces & Flails
 - Level 1.0 Throwing
 - Level 14.0 Armour
 - Level 1.5 Dodging
 - Level 5.0 Shields
 - Level 2.0 Spellcasting
 * Level 10.5 Charms
 - Level 2.6 Translocations


You had 13 spell levels left.
You knew the following spells:

 Your Spells              Type           Power        Failure   Level  Hunger
a - Apportation           Tloc           ##........   41%         1    #......
b - Blink                 Tloc           N/A          67%         2    ##.....
c - Repel Missiles        Chrm/Air       ####..       24%         2    ##.....
d - Spectral Weapon       Hex/Chrm       ####....     45%         3    ###....
e - Infusion              Chrm           ######       1%          1    #......


Dungeon Overview and Level Annotations

Branches:
Dungeon (15/15)            Temple (1/1) D:5             Orc (4/4) D:11
    Elf (3/3) Orc:4          Lair (8/8) D:11         Shoals (1/5) Lair:4
  Snake (5/5) Lair:3        Slime (0/6) Lair:7       Vaults (0/5) D:13
 Depths (0/5) D:15

Altars:
Ashenzari
Dithmenos
Elyvilon
Fedhas
Makhleb
Okawaru
Sif Muna
Vehumet
Xom
Yredelemnul
The Shining One
Beogh

Shops:
D:6 *   D:12 (   Orc:4 :?(?   Elf:1 :%(((   Shoals:1 :   Snake:5 :

Portals:
Trove: D:11 (give wand of heal wounds (8))

Annotations:
D:3 Terence
D:14 Azrael
Elf:3 1 exclusion
Lair:5 exclusion: oklob plant
Lair:6 Yllodra's ghost, powerful DEFE
Snake:2 Saint Roka


Innate Abilities, Weirdness & Mutations

You are resistant to torment.
You are immune to poison.
You can fly continuously.
Your stone body is very resilient (AC +13).
Your wings are large and strong.
You resist negative energy.
You are resistant to electric shocks.
You can survive without breathing.
You are immune to petrification.
You are immune to rotting.


Message History

The deep elf annihilator resists.
The deep elf master archer resists.
The deep elf master archer resists with almost no effort.
The deep elf mage looks frightened!
The deep elf mage resists.
The deep elf priest resists.
The deep elf mage looks frightened!
The deep elf priest looks frightened!
The deep elf master archer shoots an arrow.
The arrow hits you.
* * * LOW HITPOINT WARNING * * *
The deep elf master archer shoots an arrow.
The arrow hits you!!
* * * LOW HITPOINT WARNING * * *
The deep elf high priest screams, "Help!"
The deep elf high priest utters a dark prayer and points at you.
Your life force is offered up.
* * * LOW HITPOINT WARNING * * *
The deep elf annihilator moves out of view.
The deep elf annihilator points at you and mumbles some strange words.
The poison arrow hits you! You partially resist.
You die...
Fedhas appreciates your contribution to the ecosystem.

##.##......,,,,#* **,,**,,**,
####*,.....,....### ***,,,*,,,*,,
#..#**............###.,,,**,,**,,
..## *,.e...........e,,,**,,,*,,,
#.## **.,...⌠.....e.,,***,,,**,,*
...# *,,..........#*##(,,,**,,,*
#.## **,.......e..#.e)[,,**,,,**
..# *#.........(e.e.=#**,,,** #.#
*#......@e.#,,***,,,,** ..#
##e..e.*e.#***,,,,,** ###
###......#,,,,,,***
###....+,,,,*** ######*****


You could see 2 deep elf master archers, a deep elf annihilator, a deep elf
demonologist (wandering), a deep elf high priest (fleeing), 2 deep elf priests
and 3 deep elf magi.

Vanquished Creatures
  Asterion (Elf:2)
  Rupert (Lair:5)
  14 greater nagas
  Donald (Elf:3)
  2 deep elf sorcerers (Elf:3)
  Aizul (Snake:1)
  Louise (Snake:1)
  An orc warlord (Orc:3)
  4 deep elf demonologists
  A stone giant (Orc:4)
  2 deep elf annihilators (Elf:3)
  Snorg (Lair:5)
  A minotaur (Lab)
  A deep elf death mage (Elf:3)
  A fire dragon (D:15)
  A merfolk impaler (Shoals:1)
  A ravenous item mimic (Snake:5)
  Fannar (Lair:7)
  An ice dragon (D:15)
  23 naga warriors
  9 hydras
  4 deep elf high priests (Elf:3)
  5 anacondas
  2 centaur warriors (D:15)
  A deep troll shaman (Lair:8)
  5 death yaks (Lair:8)
  6 orc high priests (Orc:4)
  12 shock serpents
  16 naga sharpshooters
  2 catoblepae
  12 deep elf knights
  2 salamander mystics
  3 hill giants
  5 skeletal warriors (D:13)
  2 sea snakes (Snake:5)
  11 naga ritualists
  A wizard (D:13)
  4 orc knights
  5 deep elf summoners
  6 mana vipers
  3 unseen horrors
  10 deep elf conjurers
  An ugly thing (D:12)
  A necromancer (D:13)
  The ghost of Sapz the Carver, an experienced DsFi (D:7)
  A griffon (Shoals:1)
  8 guardian serpents
  12 salamanders
  4 manticores
  3 fauns (Shoals:1)
  2 cyclopes
  10 orc sorcerers
  18 naga magi
  44 black mambas
  A mermaid (Shoals:1)
  7 elephants
  A gargoyle (D:8)
  7 spiny frogs
  A queen ant (Lair:7)
  An item mimic (Snake:1)
  Psyche (D:8)
  2 kobold demonologists (D:13)
  A fire drake (Lair:7)
  6 komodo dragons
  A yaktaur (shapeshifter) (Elf:1)
  10 deep elf priests
  Grinder (D:6)
  2 demonic crawlers (Elf:3)
  A tengu conjurer (D:13)
  8 merfolk
  9 polar bears
  5 two-headed ogres
  A blue devil (Elf:3)
  6 slime creatures
  3 trolls
  5 blink frogs (Lair:4)
  2 ravens (D:13)
  A basilisk (Lair:1)
  3 wyverns
  A fire bat (shapeshifter) (Elf:3)
  55 yaks
  A hill giant zombie (D:12)
  25 deep elf magi
  2 hungry ghosts
  A ynoxinul (Elf:3)
  Eustachio (D:6)
  8 hippogriffs
  15 wolves
  2 fire elementals (D:13)
  5 wargs
  73 nagas
  27 deep elf fighters
  10 porcupines
  20 soldier ants (Lair:7)
  34 water moccasins
  A yellow wasp (D:11)
  6 ice beasts
  4 sky beasts
  54 orc warriors
  4 phantoms
  2 boring beetles
  7 black bears
  A necrophage (D:11)
  24 centaurs
  16 ogres
  Sigmund (D:2)
  10 crocodiles
  6 big kobolds
  17 giant frogs
  5 elf skeletons
  A yaktaur skeleton (D:15)
  3 scorpions
  2 eyes of draining
  2 cyclops skeletons
  24 killer bees
  10 wights
  2 electric eels (Lair:8)
  3 goliath beetles
  A human zombie (D:7)
  4 centaur zombies
  4 crimson imps
  2 elf zombies
  2 giant frog skeletons (D:8)
  14 hounds
  A centaur skeleton (D:8)
  10 jellies
  33 orc priests
  A quasit (D:9)
  A basilisk skeleton (D:11)
  7 human skeletons
  2 orange rats
  28 orc wizards
  12 iguanas
  A two-headed ogre skeleton (D:13)
  28 worker ants
  A mottled dragon zombie (D:12)
  Ijyb (D:2)
  A crocodile zombie (D:4)
  An ogre skeleton (D:8)
  A hound skeleton (D:9)
  3 mummies
  16 adders
  42 green rats
  A giant mite (D:10)
  A scorpion zombie (D:8)
  15 gnolls
  An inept feature mimic (D:5)
  3 worms
  5 shadow imps
  An adder zombie (Ossuary)
  An ooze (D:1)
  325 orcs
  8 bats
  A bat zombie (D:5)
  5 giant cockroaches
  45 hobgoblins
  4 jackals
  27 kobolds
  9 quokkas
  7 ball pythons
  7 giant geckos
  A giant newt (D:2)
  45 goblins
  A goblin skeleton (Ossuary)
  4 hobgoblin skeletons (Ossuary)
  3 hobgoblin zombies (Ossuary)
  2 kobold skeletons
  10 kobold zombies (Ossuary)
  6 orc skeletons
  13 orc zombies
  A quokka skeleton (D:4)
  13 rats
  A rat zombie (Ossuary)
1645 creatures vanquished.

Vanquished Creatures (collateral kills)
  An orc warlord (Orc:4)
  A death yak (Lair:6)
  An orc warrior (Orc:4)
  An orc priest (Orc:4)
  2 orcs (Orc:4)
6 creatures vanquished.

Vanquished Creatures (others)
  A ball lightning (Lair:5)
  A naga ritualist (Snake:4)
  An oklob plant (Lair:6)
  An orc warrior (Bailey)
  A hound (D:6)
  An orc wizard (Orc:4)
  A sheep (Lair:8)
  An orc (Orc:4)
  2 giant spores (D:6)
  A ballistomycete (D:11)
  16 fungi
  11 plants
  1054 toadstools
1092 creatures vanquished.

Grand Total: 2743 creatures vanquished

Notes
Turn   | Place    | Note
--------------------------------------------------------------
     0 | D:1      | Gravenous, the Gargoyle Warper, began the quest for the Orb.
     0 | D:1      | Reached XP level 1. HP: 12/12 MP: 3/3
   271 | D:1      | Reached XP level 2. HP: 7/17 MP: 4/4
   978 | D:1      | Reached skill level 3 in Maces & Flails
   983 | D:1      | Reached XP level 3. HP: 14/21 MP: 6/6
  1077 | D:2      | Noticed Sigmund
  1099 | D:2      | Killed Sigmund
  1099 | D:2      | Reached skill level 4 in Maces & Flails
  1099 | D:2      | Reached XP level 4. HP: 6/26 MP: 7/7
  1556 | D:2      | Reached XP level 5. HP: 30/30 MP: 9/9
  1597 | D:2      | Noticed Ijyb
  1763 | D:2      | Killed Ijyb
  2409 | D:2      | Found a burning altar of Makhleb.
  2409 | D:2      | Noticed a green death
  2839 | D:3      | Noticed Terence
  2984 | D:4      | Noticed an ogre
  2995 | D:4      | Reached skill level 1 in Shields
  3007 | D:4      | Killed an ogre
  3007 | D:4      | Reached skill level 5 in Maces & Flails
  3007 | D:4      | Reached XP level 6. HP: 10/35 MP: 10/10
  3349 | D:4      | Found a deep blue altar of Sif Muna.
  3723 | D:4      | Reached skill level 6 in Maces & Flails
  3806 | D:4      | Noticed a phantom
  3866 | D:4      | Killed a phantom
  3866 | D:4      | Reached XP level 7. HP: 32/40 MP: 12/12
  4162 | D:5      | Entered Level 5 of the Dungeon
  4218 | D:5      | Found a staircase to the Ecumenical Temple.
  4228 | Temple   | Entered the Ecumenical Temple
  4244 | Temple   | Became a worshipper of Fedhas Madash
  4325 | D:5      | Reached skill level 7 in Maces & Flails
  4715 | D:5      | Reached XP level 8. HP: 37/44 MP: 13/13
  4993 | D:5      | Acquired Fedhas' first power
  5187 | D:5      | Reached skill level 8 in Maces & Flails
  5248 | D:5      | Reached skill level 5 in Shields
  5695 | D:6      | Found Farerec's Assorted Antiques.
  5702 | D:6      | Bought a scroll labeled SHAODDYGIH for 21 gold pieces
  5702 | D:6      | Bought a scroll labeled SEICHY CROIS for 21 gold pieces
  5702 | D:6      | Bought a scroll labeled MUREV FODINLU for 21 gold pieces
  5806 | D:6      | Acquired Fedhas' second power
  5956 | D:6      | Noticed Grinder
  5980 | D:6      | Paralysed by Grinder for 4 turns
  6008 | D:6      | Paralysed by Grinder for 7 turns
  6015 | D:6      | Killed Grinder
  6015 | D:6      | Reached skill level 9 in Maces & Flails
  6015 | D:6      | Reached XP level 9. HP: 32/52 MP: 14/14
  6402 | D:6      | Noticed Eustachio
  6411 | D:6      | Killed Eustachio
  6503 | D:6      | Reached skill level 5 in Fighting
  6558 | D:6      | Reached skill level 10 in Maces & Flails
  6638 | D:7      | Found a blossoming altar of Fedhas.
  6847 | D:7      | Found a sand-covered staircase.
  6859 | Ossuary  | Entered an ossuary
  6997 | Ossuary  | Acquired Fedhas' third power
  7147 | Ossuary  | Reached skill level 11 in Maces & Flails
  7419 | D:7      | Reached XP level 10. HP: 59/61 MP: 16/16
  7682 | D:7      | Noticed Sapz's ghost (experienced DsFi)
  7726 | D:7      | Killed Sapz's ghost
  7917 | D:7      | Reached skill level 12 in Maces & Flails
  8351 | D:8      | Noticed Psyche
  8362 | D:8      | Killed Psyche
  8440 | D:8      | Acquired Fedhas' fourth power
  9250 | D:9      | Reached skill level 13 in Maces & Flails
  9512 | D:9      | Found a basalt altar of Yredelemnul.
  9661 | D:10     | Entered Level 10 of the Dungeon
  9677 | D:10     | Reached XP level 11. HP: 64/69 MP: 17/17
  9831 | D:10     | Acquired Fedhas' fifth power
 10746 | D:11     | Found a shimmering altar of Xom.
 10786 | D:11     | Found a portal to a secret trove of treasure.
 11040 | D:11     | Identified a scroll of acquirement
 11142 | D:11     | Found a staircase to the Orcish Mines.
 11261 | D:11     | Noticed an eight-headed hydra
 11269 | D:11     | Killed an eight-headed hydra
 11311 | D:11     | Found a staircase to the Lair.
 11571 | Lair:1   | Entered Level 1 of the Lair of Beasts
 11592 | Lair:1   | Found a labyrinth entrance.
 11606 | Lab      | Entered a labyrinth
 11988 | Lab      | Noticed a minotaur
 12005 | Lab      | Killed a minotaur
 12005 | Lab      | Reached skill level 14 in Maces & Flails
 12029 | Lab      | Got a crude iron amulet
 12048 | Lab      | Got a twisted scale mail
 12051 | Lair:1   | Identified the amulet "Uhesm" {Gourm Str+3 Int+3} (You found it in a labyrinth)
 12059 | Lair:1   | Identified the +4 scale mail "Truepnyr" {rF+ Int+1} (You found it in a labyrinth)
 12125 | Lair:1   | Identified the Incunabulum of Freezing Battle Magic
 12505 | Lair:1   | Reached skill level 10 in Fighting
 12568 | Lair:1   | Learned a level 2 spell: Blink
 12577 | Lair:1   | Identified a +5 rod of striking (14/14) (You took it off a minotaur in a labyrinth)
 12578 | Lair:1   | Identified a +3 rod of striking (14/14) (You found it in a labyrinth)
 12868 | Lair:1   | Noticed a six-headed hydra
 13335 | Lair:2   | Reached XP level 12. HP: 33/78 MP: 18/18
 13589 | Lair:2   | Reached skill level 5 in Armour
 13706 | Lair:2   | Found a blossoming altar of Fedhas.
 14359 | Lair:3   | Noticed a seven-headed hydra
 14370 | Lair:3   | Killed a seven-headed hydra
 14505 | Lair:3   | Found a staircase to the Snake Pit.
 15019 | Lair:3   | Noticed a five-headed hydra
 15030 | Lair:3   | Killed a five-headed hydra
 15530 | Lair:4   | Found a white marble altar of Elyvilon.
 15535 | Lair:4   | Found a staircase to the Shoals.
 15563 | Lair:4   | Reached XP level 13. HP: 82/86 MP: 19/19
 15583 | Lair:4   | Reached skill level 10 in Armour
 16179 | Lair:5   | Identified a +0 rod of striking (10/10) (You found it on level 5 of the Lair of Beasts)
 16224 | Lair:5   | Noticed Snorg
 16249 | Lair:5   | Killed Snorg
 16425 | Lair:5   | Noticed Rupert
 16437 | Lair:5   | Was placed under penance by Fedhas
 16438 | Lair:5   | Paralysed by Rupert for 3 turns
 16549 | Lair:5   | Paralysed by Rupert for 4 turns
 16559 | Lair:5   | Killed Rupert
 17134 | Lair:5   | Was forgiven by Fedhas
 17762 | Lair:7   | Reached skill level 15 in Maces & Flails
 17926 | Lair:7   | Found a staircase to the Slime Pits.
 18351 | Lair:7   | Noticed Fannar
 18379 | Lair:7   | Killed Fannar
 18987 | Lair:7   | Reached skill level 16 in Maces & Flails
 19246 | Lair:8   | Entered Level 8 of the Lair of Beasts
 19621 | Lair:8   | Gained mutation: Your wings are large and strong. [gargoyle growth]
 19621 | Lair:8   | Reached XP level 14. HP: 77/94 MP: 20/20
 20801 | Lair:8   | Reached skill level 15 in Fighting
 21221 | Lair:6   | Noticed Yllodra's ghost (powerful DEFE)
 21416 | Lair:1   | Killed a six-headed hydra
 21533 | Orc:1    | Entered Level 1 of the Orcish Mines
 22299 | Orc:2    | Found an iron altar of Okawaru.
 22865 | Orc:3    | Found a flagged portal.
 22874 | Bailey   | Entered a bailey
 23271 | Bailey   | Got a slimy scale mail
 23272 | Bailey   | Identified the +2 scale mail "Creha Fogod" {Str+2 Dex-2} (You acquired it in a bailey)
 23717 | Orc:3    | Noticed an orc warlord
 24369 | Orc:3    | Killed an orc warlord
 24532 | Orc:4    | Entered Level 4 of the Orcish Mines
 24584 | Orc:4    | Reached skill level 17 in Fighting
 24993 | Orc:4    | Found a roughly hewn altar of Beogh.
 25404 | Orc:4    | Found Khelainn's Magic Scroll Emporium.
 25420 | Orc:4    | Found Plog's Antique Weapon Shoppe.
 25442 | Orc:4    | Reached skill level 18 in Fighting
 25653 | Orc:4    | Noticed a stone giant
 26249 | Orc:4    | Killed a stone giant
 26398 | Orc:4    | Found a staircase to the Elven Halls.
 26514 | Orc:4    | Reached XP level 15. HP: 97/109 MP: 21/21
 26516 | Orc:4    | Paralysed by an orc sorcerer for 2 turns
 26657 | Orc:4    | Paralysed by an orc sorcerer for 7 turns
 26871 | Orc:4    | Noticed an orc warlord
 26989 | Orc:4    | Killed an orc warlord
 27150 | Orc:4    | Reached skill level 19 in Fighting
 27881 | Orc:4    | Found Grix's Book Emporium.
 27900 | Orc:4    | Found a roughly hewn altar of Beogh.
 28027 | Orc:4    | Found Madywn's Magic Scroll Shoppe.
 28069 | Orc:4    | Bought a scroll of enchant weapon for 112 gold pieces
 28069 | Orc:4    | Bought a scroll of teleportation for 45 gold pieces
 28069 | Orc:4    | Bought a scroll of magic mapping for 52 gold pieces
 28069 | Orc:4    | Bought a scroll of identify for 30 gold pieces
 28172 | Orc:4    | Bought a scroll of identify for 20 gold pieces
 28172 | Orc:4    | Bought a scroll of teleportation for 30 gold pieces
 28172 | Orc:4    | Bought a scroll of enchant weapon for 75 gold pieces
 28172 | Orc:4    | Bought a scroll of blinking for 75 gold pieces
 28634 | Snake:1  | Entered Level 1 of the Snake Pit
 28970 | Snake:1  | Noticed Aizul
 28987 | Snake:1  | Killed Aizul
 28987 | Snake:1  | Reached skill level 20 in Fighting
 29033 | Snake:1  | Upgraded the game from 0.15.0-23-gc2b521c to 0.15.0-27-gbdb0435
 29591 | D:12     | Found Ohanusux's Antique Weapon Shop.
 29596 | D:12     | Bought a glowing morningstar for 132 gold pieces
 31230 | D:13     | Found a gate to the Vaults.
 31484 | D:14     | Noticed Azrael
 31741 | D:15     | Entered Level 15 of the Dungeon
 31830 | D:15     | Reached XP level 16. HP: 109/118 MP: 21/21
 32473 | D:15     | Found a staircase to the Depths.
 32832 | Shoals:1 | Entered Level 1 of the Shoals
 33066 | Shoals:1 | Found Axka's Book Shop.
 33725 | Snake:2  | Noticed Louise
 33770 | Snake:1  | Killed Louise
 34325 | Snake:2  | Noticed Saint Roka
 36178 | Snake:4  | Reached XP level 17. HP: 124/124 MP: 22/22
 36741 | Snake:5  | Entered Level 5 of the Snake Pit
 37477 | Snake:5  | Reached skill level 21 in Fighting
 37858 | Snake:5  | Reached XP level 18. HP: 132/132 MP: 23/23
 37984 | Snake:5  | Found Acrotist's Book Shop.
 38052 | Snake:5  | Bought a book of Minor Magic for 380 gold pieces
 38056 | Snake:5  | Learned a level 2 spell: Repel Missiles
 38935 | Snake:5  | Reached skill level 1 in Charms
 38953 | Snake:5  | Reached skill level 22 in Fighting
 39358 | Snake:5  | Got a serpentine rune of Zot
 40151 | Elf:1    | Entered Level 1 of the Elven Halls
 40157 | Elf:1    | Reached skill level 5 in Charms
 40256 | Elf:1    | Found Joduah's Weapon Shop.
 40318 | Elf:1    | Found Ekadeexkio's Antique Weapon Shop.
 40523 | Elf:1    | Found Intuc's Antique Weapon Emporium.
 40614 | Elf:1    | Found Zurhor Amefa's Book Emporium.
 40730 | Elf:1    | Found Shruivuarch's Food Boutique.
 41100 | Elf:2    | Noticed an Ice Fiend
 41487 | Elf:2    | Noticed Asterion
 41509 | Elf:2    | Killed Asterion
 42252 | Elf:3    | Entered Level 3 of the Elven Halls
 42329 | Elf:3    | Noticed Donald
 42342 | Elf:3    | Killed Donald
 42350 | Elf:3    | Learned a level 3 spell: Spectral Weapon
 42352 | Elf:3    | Learned a level 1 spell: Infusion
 42421 | Elf:3    | Reached XP level 19. HP: 139/139 MP: 21/24
 43045 | Elf:3    | Reached skill level 10 in Charms
 43285 | Elf:3    | HP: 3/139 [deep elf high priest/a malign offering (11)]
 43285 | Elf:3    | Killed from afar by a deep elf annihilator

Action                   |  1- 3 |  4- 6 |  7- 9 | 10-12 | 13-15 | 16-18 | 19-21 || total
-------------------------+-------+-------+-------+-------+-------+-------+-------++-------
Melee: Mace              |    97 |   379 |   925 |  1378 |  3007 |       |       ||  5786
       Morningstar       |       |       |       |       |   514 |   851 |       ||  1365
       Great mace        |       |       |       |       |       |   964 |   104 ||  1068
 Fire: Blowgun           |       |       |     2 |       |     5 |       |       ||     7
 Cast: Repel Missiles    |       |       |       |       |       |     3 |       ||     3
       Infusion          |       |       |       |       |       |     1 |     6 ||     7
Invok: Evolution         |       |       |       |       |     4 |       |       ||     4
 Abil: Fly               |       |       |       |       |     1 |       |       ||     1
Evoke: Wand              |       |       |     4 |    38 |    13 |     4 |     5 ||    64
       Rod               |       |       |       |       |     9 |     2 |       ||    11
  Use: Potion            |     4 |     1 |     4 |     9 |     8 |     3 |     1 ||    30
       Scroll            |       |       |    11 |    11 |    18 |    26 |     2 ||    68
 Stab: Fleeing           |       |       |       |     1 |       |       |       ||     1
       Invisible         |       |       |       |       |     4 |       |       ||     4
       Distracted        |       |       |       |       |     1 |       |       ||     1
  Eat: Chunk             |     1 |     5 |     8 |    21 |    52 |    33 |     3 ||   123
       Bread ration      |       |     1 |     2 |     2 |     4 |     3 |       ||    12
       Meat ration       |       |       |       |     1 |     1 |       |       ||     2
       Fruit             |       |       |       |       |     1 |       |       ||     1
